 Dungeon Crawl Stone Soup version 0.31-a0-948-gf5be29c462 (webtiles) character file.

Game seed: 15171694342569337546

104 Dirtsage the Chopper (level 4, -10/35 HPs)
             Began as a Demonspawn Fighter on Oct 21, 2023.
             Mangled by Crazy Yiuf
             ... wielding a +2 quarterstaff of chaos
              (11 damage)
             ... on level 2 of the Dungeon.
             The game lasted 00:01:41 (1050 turns).

Dirtsage the Chopper (Demonspawn Fighter)           Turns: 1050, Time: 00:01:41

Health: -10/35     AC:  8    Str: 18    XL:     4   Next: 52%
Magic:  4/4        EV:  9    Int: 10    God:
Gold:   120        SH:  4    Dex: 12    Spells: 3/3 levels left

rFire   . . .        a - +0 war axe
rCold   . . .        c - +0 buckler
rNeg    . . .        b - +0 scale mail
rPois   .            (no helmet)
rElec   .            (no cloak)
rCorr   .            (no gloves)
SInv    .            (no boots)
Will    .....        (no amulet) Stlth
                     (no ring)
HPRegen 0.25/turn    (no ring)
MPRegen 0.09/turn

%: no passive effects
@: mighty, lethally poisoned (-10 -> -12)
A: icy blue scales 1, demonic touch 1
a: no special abilities


You were on level 2 of the Dungeon.
You visited 1 branch of the dungeon, and saw 2 of its levels.

You collected 120 gold pieces.

Inventory:

Hand Weapons
 a - a +0 war axe (weapon)
Armour
 b - a +0 scale mail (worn)
 c - a +0 buckler (worn)
 n - a +0 helmet
Scrolls
 e - 2 scrolls of vulnerability {unknown}
 g - a scroll of butterflies {unknown}
 i - a scroll of noise {unknown}
 j - 2 scrolls of identify {unknown}
 k - a scroll of teleportation {unknown}
 m - a scroll of enchant armour {unknown}
 o - 2 scrolls of immolation {unknown}
Potions
 d - a potion of might
 f - a potion of magic {unknown}
 h - a potion of heal wounds {unknown}
 l - a potion of curing {unknown}


   Skills:
 - Level 3.0 Fighting
 + Level 4.4 Axes
 - Level 2.6 Armour
 - Level 2.6 Shields


You had 3 spell levels left.
You didn't know any spells.
Your spell library was empty.

Dungeon Overview and Level Annotations

Branches:
Dungeon (2/15)

Altars:
Xom

Annotations:
D:2 Crazy Yiuf


Innate Abilities, Weirdness & Mutations

You are partially covered in icy blue scales. (AC +2)
Your touch may inflict minor irresistible damage on your foes.


Message History

The floor.
You feel very mighty all of a sudden.
Crazy Yiuf whimpers, "Earwax Hive leg!"
As you open the door, it creaks loudly!
You barely miss Crazy Yiuf.
Crazy Yiuf whimpers, "Island!
Papa ena Orb Guardian."
Crazy Yiuf hits you with a +2 quarterstaff of chaos!
You are poisoned.
You take 7 damage, and have 28/35 hp.
You hit Crazy Yiuf.
Crazy Yiuf is moderately wounded.
You feel very sick. Crazy Yiuf hits you but does no damage.
You are more poisoned.
You take 2 damage, and have 26/35 hp.
You barely miss Crazy Yiuf.
Crazy Yiuf is moderately wounded.
You feel sick. Crazy Yiuf barely misses you.
You take 2 damage, and have 24/35 hp.
You barely miss Crazy Yiuf.
Crazy Yiuf is moderately wounded.
You feel very sick. Crazy Yiuf hits you but does no damage.
Crazy Yiuf laughs, "Ten mobile senile!"
Crazy Yiuf hits you with a +2 quarterstaff of chaos!
Crazy Yiuf freezes you.
* * * LOW HITPOINT WARNING * * *
You take 14 damage, and have 10/35 hp.
MASSIVE DAMAGE!!
You closely miss Crazy Yiuf.
Crazy Yiuf is moderately wounded.
You feel sick.
Crazy Yiuf hits you with a +2 quarterstaff of chaos!
* * * LOW HITPOINT WARNING * * *
You take 8 damage, and have 2/35 hp.
MASSIVE DAMAGE!!
You hit Crazy Yiuf.
Crazy Yiuf is moderately wounded.
* * * LOW HITPOINT WARNING * * *
You feel sick.
Crazy Yiuf hits you with a +2 quarterstaff of chaos!
You die...

## ##
.. #.
#####
#
#)..#
.
#...#
#. ...
# #g#
. ♣@♣♣
♣♣.♣
♣.♣♣
♣♣.♣
♣♣.♣♣
♣♣P..♣
♣P...♣
#....#
#....#


You could see Crazy Yiuf.

Vanquished Creatures
  Jessica (D:2)
  Robin (D:2)
  An adder (D:2)
  A dart slug (D:1)
  A ball python (D:1)
  2 bats
  4 endoplasms
  2 giant cockroaches (D:1)
  15 goblins
  5 hobgoblins
  7 kobolds
  3 frilled lizards
  8 rats
51 creatures vanquished.

Notes
Turn   | Place    | Note
-------+----------+-------------------------------------------
     0 | D:1      | Dirtsage the Demonspawn Fighter began the quest for the
                  | Orb.
     0 | D:1      | Reached XP level 1. HP: 18/18 MP: 1/1
    42 | D:1      | Reached skill level 2 in Axes
    83 | D:1      | Gained mutation: You are partially covered in icy blue
                  | scales. (AC +2) [demonic ancestry]
    83 | D:1      | Reached XP level 2. HP: 24/24 MP: 2/2
   259 | D:1      | Reached skill level 3 in Axes
   420 | D:1      | Gained mutation: Your touch may inflict minor irresistible
                  | damage on your foes. [demonic ancestry]
   420 | D:1      | Reached XP level 3. HP: 27/29 MP: 3/3
   687 | D:2      | Noticed Robin
   697 | D:2      | Killed Robin
   713 | D:2      | Reached skill level 4 in Axes
   713 | D:2      | Reached XP level 4. HP: 28/35 MP: 4/4
   917 | D:2      | Found a shimmering altar of Xom.
   920 | D:2      | Noticed Jessica
   925 | D:2      | Killed Jessica
  1039 | D:2      | Found a runed translucent door.
  1040 | D:2      | Noticed Crazy Yiuf
  1050 | D:2      | HP: 1/35 [poisoned by Crazy Yiuf]
  1050 | D:2      | Mangled by Crazy Yiuf

Illustrated notes

Levels and vault maps discovered:
D:1:      lightli_arrival_windingriver, layout_loops_ring,
          minmay_split_cup_large
D:2:      layout_loops_ring, basic_altar, hangedman_abyss_or_decor_lesser_grid,
          minivault_5, uniq_jessica, uniq_robin, uniq_crazy_yiuf_cottage

Skill      XL: |  1  2  3 |
---------------+----------+-----
Axes           | 2 3 4 |  4.4
Fighting       | |  3.0
Armour         | |  2.6
Shields        | |  2.6

Action                     |  1- 3 |  4- 6 || total
---------------------------+-------+-------++-------
  Melee: War axe           |    89 |    24 ||   113
    Use: Potion            |       |     1 ||     1
 Armour: Scale mail        |    73 |    15 ||    88
  Dodge: Dodged            |    53 |     4 ||    57
  Block: Buckler           |    31 |     4 ||    35

Table legend: (Time is in decaauts)
 A = Elapsed time spent in this place.
 B = Non-inter-level travel time spent in this place.
 C = Inter-level travel time spent in this place.
 D = Time resting spent in this place.
 E = Time spent auto-exploring this place.
 F = Levels seen in this place.
 G = Mean time per level.
                   A        B        C        D        E       F      G
               +--------+--------+--------+--------+--------+-----+--------+
         Total |   1094 |   1076 |     18 |      0 |    806 |   2 |  547.0 |
       Dungeon |   1094 |   1076 |     18 |      0 |    806 |   2 |  547.0 |
               +--------+--------+--------+--------+--------+-----+--------+

Top non-repeatable levels by time:
     D:1: 713 daAuts
     D:2: 381 daAuts
